 Dungeon Crawl Stone Soup version 0.14.0-24-gfb45beb (webtiles) character file.

226 ryw the Skirmisher (level 5, -1/43 HPs)
             Began as a Demonspawn Monk on Apr 24, 2014.
             Slain by a gnoll
             ... wielding a +0,+0 flail
              (11 damage)
             ... on Level 3 of the Dungeon.
             The game lasted 00:06:46 (2922 turns).

ryw the Skirmisher (Demonspawn Monk)                Turns: 2922, Time: 00:06:46

HP  -1/43        AC  8     Str 11      XL: 5   Next: 51%
MP   5/5         EV 14     Int 13      God:
Gold 23          SH  4     Dex 15 (19) Spells:  0 memorised,  4 levels left

rFire  . . .     SeeInvis .     n - +0 falchion
rCold  . . .     Clarity  .     k - +2 robe
rNeg   . . .     Conserve .     (no shield)
rPois  .         rCorr    .     (no helmet)
rElec  .         rRot     .     (no cloak)
SustAb . .       Spirit   .     (no gloves)
rMut   .         Warding  .     o - +0 pair of boots (curse)
Saprov . . .     Stasis   .     (no amulet)
MR     .....                    f - ring of wizardry
                                c - +4 ring of dexterity

@: not resistant to hostile enchantments, fairly stealthy
A: large bone plates 2
a: no special abilities


You were on level 3 of the Dungeon.
You were not hungry.

You visited 1 branch of the dungeon, and saw 3 of its levels.

You collected 23 gold pieces.

Inventory:

Hand weapons
 n - a +0,+0 falchion (weapon)
Armour
 k - a +2 robe (worn)
 o - a cursed +0 pair of boots (worn)
Magical devices
 s - a wand of digging (18) {unknown}
Comestibles
 b - 3 bread rations
 j - an apple
Scrolls
 h - a scroll of teleportation {unknown}
 i - 3 scrolls of identify {unknown}
 m - a scroll of enchant armour {unknown}
 p - a scroll of fear {unknown}
 q - 3 scrolls of remove curse {unknown}
 r - a scroll of enchant weapon II {unknown}
 u - a scroll of magic mapping {unknown}
Jewellery
 c - a +4 ring of dexterity (left hand)
 f - a ring of wizardry (right hand)
Potions
 a - 3 potions of curing
 e - a potion of degeneration
 g - a potion of mutation {unknown}
 t - a potion of resistance {unknown}


   Skills:
 + Level 4.8 Fighting
 + Level 4.1 Dodging
 - Level 1.7 Stealth
 - Level 4.0 Unarmed Combat


You had 4 spell levels left.
You didn't know any spells.

Dungeon Overview and Level Annotations

Branches:
Dungeon (3/15)

Altars:
Elyvilon


Innate Abilities, Weirdness & Mutations

You are mostly covered in large bone plates (AC +3, SH +4).


Message History

The gnoll is heavily wounded.
The gnoll barely misses you. The gnoll hits you with a flail!
You barely miss the gnoll.
The gnoll is heavily wounded.
The gnoll barely misses you.
You hit the gnoll but do no damage.
The gnoll is heavily wounded.
The gnoll closely misses you.
You closely miss the gnoll.
The gnoll is heavily wounded.
The gnoll misses you.
You completely miss the gnoll.
The gnoll is heavily wounded.
The gnoll hits you with a flail.
* * * LOW HITPOINT WARNING * * *
Drink which item? (? for menu, Esc to quit)
There was something very wrong with that liquid!
You feel clumsy.
It was a potion of degeneration.
The gnoll hits you with a flail!
You die...

### #<# #(# #.# #.#
####### #@# #.....#
######g#####.###.######
#............# #.#.....
#............# #.#.####
#............# #>......
######....##.# #.#.####
####.##.###g#.#
#.##.#.....#
#....#.#.###


You could see a gnoll.

Vanquished Creatures
  A scorpion (D:2)
  A worker ant (D:3)
  Ijyb (D:2)
  Jessica (D:2)
  2 gnolls (D:2)
  3 adders
  A worm (D:2)
  A giant eyeball (D:3)
  An ooze (D:2)
  4 orcs (D:3)
  2 giant cockroaches
  3 hobgoblins
  3 jackals
  4 kobolds
  A ball python (D:2)
  3 bats
  A giant gecko (D:2)
  2 giant newts (D:2)
  6 goblins
  3 rats
44 creatures vanquished.

Vanquished Creatures (others)
  A goblin (D:2)
  A rat (D:2)
2 creatures vanquished.

Grand Total: 46 creatures vanquished

Notes
Turn   | Place    | Note
--------------------------------------------------------------
     0 | D:1      | ryw, the Demonspawn Monk, began the quest for the Orb.
     0 | D:1      | Reached XP level 1. HP: 18/18 MP: 1/1
   279 | D:1      | Gained mutation: You are partially covered in large bone plates (AC +2, SH +2). [demonic ancestry]
   279 | D:1      | Reached XP level 2. HP: 24/24 MP: 2/2
   382 | D:2      | Noticed Jessica
   400 | D:2      | Killed Jessica
   762 | D:2      | Reached XP level 3. HP: 27/29 MP: 3/3
   990 | D:2      | Noticed Ijyb
  1019 | D:2      | Killed Ijyb
  1019 | D:2      | Reached skill level 4 in Unarmed Combat
  1134 | D:2      | Found a white marble altar of Elyvilon.
  1441 | D:3      | Gained mutation: You are mostly covered in large bone plates (AC +3, SH +4). [demonic ancestry]
  1441 | D:3      | Reached XP level 4. HP: 34/37 MP: 4/4
  1670 | D:3      | Paralysed by a giant eyeball for 2 turns
  1907 | D:3      | Noticed a scorpion
  2353 | D:2      | Killed a scorpion
  2353 | D:2      | Reached XP level 5. HP: 38/43 MP: 5/5
  2922 | D:3      | Slain by a gnoll

Action                   |  1- 3 |  4- 6 || total
-------------------------+-------+-------++-------
Melee: Unarmed           |    51 |       ||    51
       Falchion          |    56 |   136 ||   192
Throw: Dart              |       |     2 ||     2
  Use: Potion            |       |     2 ||     2
 Stab: Sleeping          |     3 |     1 ||     4
